 Dungeon Crawl Stone Soup version 0.31.0-11-ge490571c62 (webtiles) character file.

Game seed: 15261174104829603909

2433 oldriver the Toxicologist (level 9, -10/58 (69) HPs)
             Began as a Formicid Alchemist on Feb 3, 2024.
             Killed from afar by Dowan (17 damage)
             ... with a shard of ice
             ... on level 6 of the Dungeon.
             The game lasted 00:10:48 (7897 turns).

oldriver the Toxicologist (Formicid Alchemist)      Turns: 7897, Time: 00:10:49

HP:   -10/58 (69)   AC:  4    Str: 23    XL:     9   Next: 77%
MP:   2/12          EV: 12    Int: 14    God:
Gold: 242           SH:  6    Dex: 17    Spells: 9/14 levels left

rFire   . . .        m - +1 sling
rCold   . . .        p - +0 buckler
rNeg    . . .        a - +0 robe
rPois   +            (helmet unavailable)
rElec   .            (no cloak)
rCorr   .            (no gloves)
SInv    +            (no boots)
Will    .....        (no amulet)
Stlth   ++++         r - ring of poison resistance
HPRegen 0.29/turn    t - +6 ring of strength
MPRegen 0.13/turn

%: no passive effects
@: heavily drained
A: permanent stasis, dig shafts and tunnels, antennae 3, four strong arms,
iridescent scales 1, low MP 1, strong 1
a: Dig, Shaft Self


You were on level 6 of the Dungeon.
You visited 1 branch of the dungeon, and saw 6 of its levels.

You collected 242 gold pieces.

Inventory:

Hand Weapons
 k - a +0 short sword
 m - a +1 sling (weapon)
 s - a +0 hand axe of freezing
Missiles
 j - 2 darts of dispersal
Armour
 a - a +0 robe (worn)
 p - a +0 buckler (worn)
Jewellery
 r - a ring of poison resistance (left hand)
 t - a +6 ring of strength (right hand)
 y - a ring of protection from cold
Wands
 n - a wand of flame (18)
Scrolls
 d - a scroll of teleportation
 e - 2 scrolls of enchant weapon
 h - a scroll of fear
 l - 3 scrolls of identify
 o - a scroll of fog
 q - 2 scrolls of blinking
 v - a scroll of amnesia
Potions
 b - a potion of magic
 f - a potion of haste
 g - a potion of cancellation
 i - a potion of curing
 u - a potion of enlightenment {unknown}
 w - a potion of berserk rage {unknown}
 x - a potion of resistance {unknown}


   Skills:
 + Level 5.8 Fighting
 + Level 5.0 Ranged Weapons
 - Level 1.7 Dodging
 + Level 7.5 Stealth
 - Level 5.0 Shields
 - Level 3.0 Spellcasting
 - Level 0.8 Conjurations
 - Level 10.0 Alchemy


You had 9 spell levels left.
You knew the following spells:

 Your Spells              Type           Power      Damage    Failure   Level
a - Sting                 Conj/Alch      68%        1d7       2%          1
o - Olgreb's Toxic Radia  Alch           30%        N/A       4%          4

Your spell library contained the following spells:

 Spells                   Type           Power      Damage    Failure   Level
 Mercury Vapours          Alch/Air       32%        N/A       4%          2
 Mephitic Cloud           Conj/Alch/Air  12%        N/A       17%         3
 Static Discharge         Conj/Air       6%         3-4/arc   32%         2
 Sticky Flame             Fire/Alch      16%        2d5       32%         4
 Dazzling Flash           Conj/Hex       6%         N/A       54%         3
 Volatile Blastmotes      Fire/Tloc      4%         2d10      58%         3
 Airstrike                Air            1%         2d(1-17)  94%         4
 Cause Fear               Hex            1%         N/A       94%         4
 Summon Lightning Spire   Summ/Air       2%         N/A       94%         4
 Fireball                 Conj/Fire      1%         3d3       99%         5
 Starburst                Conj/Fire      1%         6d3       100%        6
 Maxwell's Capacitive Co  Air            1%         ∞         100%        8
 Dragon's Call            Summ           1%         N/A       100%        9


Dungeon Overview and Level Annotations

Branches:
Dungeon (6/15)
 Temple: D:4-7

Altars:
Cheibriados
Sif Muna

Annotations:
D:5 1 runed translucent door, Gadfly's ghost, novice DsMo
D:6 Dowan


Innate Abilities, Weirdness & Mutations

You cannot be hasted, slowed, berserked, paralysed or teleported.
You can dig through walls and to a lower floor.
You have a pair of large antennae on your head. (SInv)
Your four strong arms can wield two-handed weapons with a shield.
You are partially covered in iridescent scales. (AC +2)
Your magical capacity is low. (-10% MP)
Your muscles are strong. (Str +4, Int/Dex -1)


Message History

Dowan is moderately wounded.
The hound bites you.
* * * LOW HITPOINT WARNING * * *
Dowan barely misses you.
Unknown command.
You shoot a sling bullet. The sling bullet hits the hound.
The hound is severely wounded.
The hound bites you but does no damage. You block Dowan's attack.
The hound bites you.
* * * LOW HITPOINT WARNING * * *
Dowan hits you with a +0 dagger.
* * * LOW HITPOINT WARNING * * *
You shoot a sling bullet.
The sling bullet hits the hound but does no damage.
The hound is severely wounded.
You block the hound's attack. Dowan barely misses you.
The hound bites you but does no damage. Dowan misses you.
Unknown command.
You shoot a sling bullet.
The sling bullet barely misses the hound.
You block the hound's attack.
Dowan casts a spell.
Dowan blinks!
You shoot a sling bullet.
The sling bullet barely misses the hound.
The sling bullet hits Dowan but does no damage.
Dowan is moderately wounded.
The hound bites you.
* * * LOW HITPOINT WARNING * * *
The hound bites you.
* * * LOW HITPOINT WARNING * * *
Dowan shakes with grief.
Dowan looks more healthy.
Dowan casts a spell.
Dowan blinks!
You block the hound's attack.
There is a stone staircase leading up here.
You kill the hound!
Dowan points at you and mumbles some strange words.
The shard of ice hits you!
You die...

.#.# #.# #.#.# #.#
#>#.# ##.# #.#.#
#..# #.#.## #.##
##....## #.#
....e#.# #.# #...#
#.# ##.## #@# #e#
#.#
#.###########.#
#..##.......e.#
####.#.#.#########
....###..#
####.#.#.# #..##.#
#..##.# #####


You could see Dowan (fast).

Vanquished Creatures
  Pikel (D:4)
  4 yaks
  Eustachio (D:5)
  Duvessa (D:6)
  A black bear (D:6)
  An ogre (D:6)
  3 lemures (D:4)
  A phantom (D:5)
  Blork the orc (D:4)
  A bullfrog (D:6)
  4 scorpions
  3 wights (D:6)
  2 bombardier beetles
  A jelly (D:6)
  2 hounds
  2 iguanas
  3 orc wizards
  6 adders
  A shadow imp (D:5)
  A ribbon worm (D:3)
  A dart slug (D:2)
  17 orcs
  7 ball pythons
  5 endoplasms
  2 giant cockroaches
  7 hobgoblins
  2 jackals (D:1)
  5 quokkas
  4 bats
  12 frilled lizards
  7 goblins
  7 kobolds
  11 rats
127 creatures vanquished.

Notes
Turn   | Place    | Note
-------+----------+-------------------------------------------
     0 | D:1      | oldriver the Formicid Alchemist began the quest for the
                  | Orb.
     0 | D:1      | Reached XP level 1. HP: 13/13 MP: 3/3
   204 | D:1      | Reached XP level 2. HP: 20/20 MP: 0/5
  1028 | D:1      | Found a faded altar of an unknown god.
  1064 | D:1      | Reached XP level 3. HP: 25/25 MP: 0/6
  1142 | D:1      | Reached skill level 1 in Fighting
  1736 | D:2      | Reached XP level 4. HP: 32/32 MP: 7/7
  1787 | D:2      | Reached skill level 5 in Alchemy
  1903 | D:2      | Found a shimmering blue altar of Sif Muna.
  2749 | D:3      | Identified the +5 hand axe "Mixzes" {drain, rC+ rCorr}
  2768 | D:3      | Reached XP level 5. HP: 38/38 MP: 9/9
  3246 | D:3      | Learned a level 4 spell: Olgreb's Toxic Radiance
  3701 | D:4      | Reached skill level 1 in Ranged Weapons
  3701 | D:4      | Reached skill level 1 in Shields
  3701 | D:4      | Reached XP level 6. HP: 35/44 MP: 6/10
  3985 | D:4      | Reached skill level 6 in Alchemy
  4264 | D:4      | Gained mutation: Your muscles are strong. (Str +4, Int/Dex
                  | -1) [potion of mutation]
  4264 | D:4      | Gained mutation: You are partially covered in iridescent
                  | scales. (AC +2) [potion of mutation]
  4264 | D:4      | Gained mutation: Your magical capacity is low. (-10% MP)
                  | [potion of mutation]
  4438 | D:4      | Noticed Blork the orc
  4445 | D:4      | Killed Blork the orc
  4446 | D:4      | Reached XP level 7. HP: 51/51 MP: 4/10
  4739 | D:4      | Noticed Pikel
  4762 | D:4      | Killed Pikel
  4763 | D:4      | Reached skill level 5 in Stealth
  4763 | D:4      | Reached skill level 7 in Alchemy
  4763 | D:4      | Reached XP level 8. HP: 16/60 MP: 0/11
  5168 | D:5      | Entered Level 5 of the Dungeon
  5198 | D:5      | Reached skill level 8 in Alchemy
  5861 | D:5      | Noticed a yak
  5886 | D:5      | Killed a yak
  6002 | D:5      | Noticed Eustachio
  6017 | D:5      | Killed Eustachio
  6018 | D:5      | Reached skill level 9 in Alchemy
  6018 | D:5      | Reached XP level 9. HP: 66/66 MP: 0/12
  6135 | D:5      | Found a runed translucent door.
  6135 | D:5      | Noticed Gadfly's ghost (novice DsMo)
  6275 | D:4      | Reached skill level 5 in Shields
  6712 | D:5      | Reached skill level 5 in Fighting
  6854 | D:6      | Found a snail-covered altar of Cheibriados.
  6888 | D:6      | Reached skill level 10 in Alchemy
  7020 | D:6      | Noticed Dowan
  7352 | D:6      | Noticed Duvessa
  7861 | D:6      | Killed Duvessa
  7875 | D:6      | Reached skill level 5 in Ranged Weapons
  7897 | D:6      | Killed from afar by Dowan

Illustrated notes

Levels and vault maps discovered:
D:1:      dpeg_arrival_houses_and_road, layout_basic,
          chequers_ecumenical_altar_island, minmay_lizard_pond
D:2:      layout_basic, basic_altar, minmay_rat_gold_closets
D:3:      layout_basic, serial_park_tiny_1
D:4:      layout_basic, minmay_fountain_box, uniq_pikel, uniq_blork_the_orc
D:5:      layout_gridville, gammafunk_ghost_grave, uniq_eustachio
D:6:      layout_loops_ring, lemuel_tele_altar, enter_ossuary_1, hex_large,
          uniq_duvessa

Skill      XL: |  1  2  3  4  5  6  7  8  9 |
---------------+----------------------------+-----
Fighting       | 1 2 3 4 5 |  5.8
Stealth        | 3 4 5 6 7 |  7.5
Alchemy        | 5 6 7 9 10 | 10.0
Ranged Weapons | 1 2 3 5 |  5.0
Shields        | 1 2 3 4 5 |  5.0
Spellcasting   | 3 |  3.0
Dodging        | |  1.7
Conjurations   | |  0.8

Action                     |  1- 3 |  4- 6 |  7- 9 || total
---------------------------+-------+-------+-------++-------
  Melee: Unarmed           |     9 |       |       ||     9
         Sling             |       |     4 |       ||     4
   Fire: Sling             |     5 |   153 |   185 ||   343
   Cast: Sting             |    67 |    87 |    18 ||   172
         Olgreb's Toxic Ra |       |       |    32 ||    32
    Use: Potion            |       |     7 |     2 ||     9
         Scroll            |       |     1 |    10 ||    11
 Armour: Robe              |    16 |    61 |   100 ||   177
  Dodge: Dodged            |    20 |    68 |    67 ||   155
  Block: Buckler           |       |     9 |    32 ||    41
